 Seeded DCSS version 0.30.1-6-gbe392663c4 (webtiles) character file.

Game seed: 15355723370913860151 (custom seed)

2 Psyclone the Stinger (level 1, -4/11 HPs)
             Began as an Octopode Venom Mage on Sept 20, 2023.
             Killed from afar by a dart slug (5 damage)
             ... with a slug dart
             ... on level 1 of the Dungeon.
             The game lasted 00:00:20 (35 turns).

Psyclone the Stinger (Octopode Venom Mage)            Turns: 35, Time: 00:00:20

Health: -4/11      AC:  1    Str:  7    XL:     1   Next: 30%
Magic:  0/3        EV: 13    Int: 17    God:
Gold:   0          SH:  0    Dex: 12    Spells: 3/4 levels left

rFire   . . .        (no weapon)
rCold   . . .        (no shield)
rNeg    . . .        (helmet restricted)
rPois   .            (no amulet)
rElec   .            (no ring)
rCorr   .            (no ring)
SInv    .            (no ring)
Will    .....        (no ring)
Stlth   +++          (no ring)
HPRegen 0.21/turn    (no ring)
MPRegen 0.08/turn    (no ring)
                     (no ring)

%: no passive effects
@: no status effects
A: almost no armour, amphibious, 8 rings, camouflage 1, gelatinous body 1,
(nimble swimmer 1), tentacles
a: no special abilities


You were on level 1 of the Dungeon.
You visited 1 branch of the dungeon, and saw 1 of its levels.

Inventory:

Potions
 a - a potion of magic


   Skills:
 + Level 2.0 Dodging
 + Level 2.7 Stealth
 + Level 2.0 Spellcasting
 + Level 1.0 Transmutations
 + Level 3.6 Poison Magic


You had 3 spell levels left.
You knew the following spells:

 Your Spells              Type           Power      Damage    Failure   Level
a - Sting                 Tmut/Pois      36%        1d4       8%          1

Your spell library contained the following spells:

 Spells                   Type           Power      Damage    Failure   Level
 Poisonous Vapours        Pois/Air       14%        N/A       14%         2
 Mephitic Cloud           Conj/Pois/Air  5%         N/A       34%         3
 Olgreb's Toxic Radiance  Pois           14%        N/A       38%         4


Dungeon Overview and Level Annotations

Branches:
Dungeon (1/15) Zot: 5964

Altars:


Innate Abilities, Weirdness & Mutations

You cannot wear most types of armour.
You are amphibious.
You can wear up to eight rings at the same time.
Your skin changes colour to match your surroundings (Stealth+).
Your rubbery body absorbs attacks. (AC +1, EV +1)
((You are camouflaged when in or above water. (Stealth+)))
You have tentacles for arms and can constrict up to eight enemies at once.


Message History

You miscast Sting.
You are very lightly contaminated with residual magic.
Nothing appears to happen.
The kobold shouts!
You now have 2/3 mp.
Casting: Sting (safe; 8% risk of failure)
Confirm with . or Enter, or press ? or * to list all spells.
Aiming: Sting (safe; 8% risk of failure)
Press: ? - help, Shift-Dir - straight line, f/p - kobold
Aim: a kobold, wielding a +0 dagger and quivering stones (60% to hit)
The sting misses the kobold.
The kobold hits you with a +0 dagger.
You take 1 damage, and have 10/11 hp.
You now have 1/3 mp.
Casting: Sting (safe; 8% risk of failure)
Confirm with . or Enter, or press ? or * to list all spells.
Aiming: Sting (safe; 8% risk of failure)
Press: ? - help, Shift-Dir - straight line, f/p - kobold
Aim: a kobold, wielding a +0 dagger and quivering stones (60% to hit)
The sting misses the kobold.
The kobold misses you.
You now have 0/3 mp.
You barely miss the kobold. You grab the kobold. You constrict the kobold.
The kobold hits you with a +0 dagger.
You take 2 damage, and have 8/11 hp.
You tentacle-slap the kobold but do no damage.
The kobold is moderately wounded.
You constrict the kobold. The kobold hits you with a +0 dagger.
You take 4 damage, and have 4/11 hp.
MASSIVE DAMAGE!!
Okay, then.
You tentacle-slap the kobold.
The kobold is severely wounded.
You constrict the kobold, but do no damage.
The kobold hits you with a +0 dagger.
* * * LOW HITPOINT WARNING * * *
You take 3 damage, and have 1/11 hp.
MASSIVE DAMAGE!!
You tentacle-slap the kobold but do no damage.
You squeeze the kobold.
You kill the kobold!
Your magical contamination has completely faded away.
The dart slug launches a dart at you. The slug dart hits you.
You die...

##... ...# ...#
# ... #.#..
#####.#.#####.#
......w.....>.#
########@###
...........#
########)#.#
#.#.# ###.# .
#####++###...#
##
##~~.......8..#
#~~..~~~~~~.#.#
#~..~~...~~~#.#


You could see a dart slug.

Vanquished Creatures
  2 kobolds (D:1)
2 creatures vanquished.

Notes
Turn   | Place    | Note
-------+----------+-------------------------------------------
     0 | D:1      | Psyclone the Octopode Venom Mage began the quest for the
                  | Orb.
     0 | D:1      | Reached XP level 1. HP: 11/11 MP: 3/3
    35 | D:1      | Killed from afar by a dart slug

Illustrated notes

Levels and vault maps discovered:
D:1:      psy_arrival_whirlpool, layout_basic, nicolae_shop_unique_rings,
          minmay_octomino_j4

Action                     || total
---------------------------++-------
  Melee: Unarmed           ||     4
         Constrict         ||     1
         Tentacles         ||     1
   Cast: Sting             ||     3
  Dodge: Dodged            ||     1
